 Dungeon Crawl Stone Soup version 0.31-a0-588-g14bffd4ff3 (webtiles) character file.

Game seed: 2158335194326496770

172399 GordonOverkill the Gelid (level 17, -16/93 HPs)
             Began as a Vine Stalker Delver on Aug 18, 2023.
             Was a High Priest of Vehumet.
             Engulfed by a cloud of freezing vapour (23 damage)
             ... on level 1 of the Swamp on Aug 19, 2023.
             The game lasted 01:34:05 (42232 turns).

GordonOverkill the Gelid (Vine Stalker Delver)     Turns: 42232, Time: 01:34:05

Health: -16/93     AC: 13    Str: 17    XL:     17   Next: 74%
Magic:  0/46       EV: 29    Int: 25    God:    Vehumet [*****.]
Gold:   2404       SH:  0    Dex: 16    Spells: 10/46 levels left

rFire   . . .        a - +9 dagger (venom)
rCold   . . .        (no shield)
rNeg    + . .        j - +1 robe {rN+}
rPois   .            v - +2 helmet {Int+3}
rElec   .            B - +0 cloak
rCorr   .            D - +2 pair of gloves
SInv    .            Y - +2 pair of boots {Stlth+}
Will    ++...        L - amulet of the acrobat
Stlth   ++           o - ring of magical power
HPRegen 1.15/turn    x - +6 ring of intelligence
MPRegen 0.30/turn

%: acrobat, guardian spirit
@: acrobatic, invisible, very slow
A: fangs 3, regeneration 1, magic shield, antimagic bite, no potion heal 2
}: 1/15 runes: serpentine
a: Renounce Religion


You were on level 1 of the Swamp.
You worshipped Vehumet.
Vehumet was extremely pleased with you.
You visited 6 branches of the dungeon, and saw 28 of its levels.
You also visited: Bailey and Ice Cave.

You collected 4306 gold pieces.
You spent 1902 gold pieces at shops.

Inventory:

Hand Weapons
 a - a +9 dagger of venom (weapon)
 b - the +9 trident "Lifebane" {heavy, Str+2 SInv}
   (You found it on level 11 of the Dungeon)

   Str+2:     It affects your strength (+2).
   SInv:      It lets you see invisible.
 W - the +9 rapier of Perphe {vamp, Int+3 Stlth+}
   (You found it on level 1 of the Orcish Mines)

   Int+3:     It affects your intelligence (+3).
   Stlth+:    It makes you more stealthy.
Missiles
 I - 3 curare-tipped darts
 K - a throwing net
Armour
 j - a +1 robe of positive energy (worn)
 v - a +2 helmet of intelligence (worn)
 B - a +0 cloak (worn)
 D - a +2 pair of gloves (worn)
 G - a +1 kite shield of cold resistance
 Y - a +2 pair of boots of stealth (worn)
Jewellery
 e - an amulet of regeneration
 o - a ring of magical power (left hand)
 u - a ring of fire
 w - a +6 ring of intelligence
 x - a +6 ring of intelligence (right hand)
 H - a ring of ice
 L - an amulet of the acrobat (around neck)
 O - a ring of wizardry
Wands
 g - a wand of digging (3)
 l - a wand of polymorph (6)
 t - a wand of flame (61)
 y - a wand of paralysis (5)
 C - a wand of iceblast (29)
Scrolls
 c - 4 scrolls of fog
 d - 11 scrolls of teleportation
 i - 3 scrolls of amnesia
 k - 4 scrolls of revelation
 n - 4 scrolls of immolation
 q - 4 scrolls of identify
 r - 3 scrolls of poison
 s - a scroll of enchant weapon
 F - 5 scrolls of fear
 P - 4 scrolls of vulnerability
Potions
 f - 2 potions of berserk rage
 h - 2 potions of might
 m - 2 potions of resistance
 p - 5 potions of attraction
 z - 2 potions of lignification
 N - 13 potions of curing
 Q - 3 potions of haste
 R - 8 potions of brilliance
 S - 4 potions of enlightenment
 T - 2 potions of cancellation
 U - a potion of ambrosia
Miscellaneous
 V - a phantom mirror


   Skills:
 - Level 12.0 Fighting
 - Level 2.0 Short Blades
 - Level 5.0 Dodging
 - Level 6.0 Stealth
 - Level 15.0 Spellcasting
 - Level 12.0 Conjurations
 - Level 5.0 Necromancy
 - Level 15.0 Ice Magic
 + Level 13.8 Air Magic
 - Level 2.0 Poison Magic
 - Level 5.2 Evocations


You had 10 spell levels left.
You knew the following spells:

 Your Spells              Type           Power      Damage    Failure   Level
a - Shock                 Conj/Air       100%       1d9       0%          1
b - Mephitic Cloud        Conj/Pois/Air  60%        N/A       1%          3
c - Apportation           Tloc           36%        N/A       3%          1
d - Dispel Undead         Necr           43%        3d17      3%          4
e - Arcjolt               Conj/Air       35%        1d45      1%          5
f - Orb of Destruction    Conj           34%        9d10      5%          7
g - Ozocubu's Refrigerat  Ice            38%        4d15      1%          7
h - Maxwell's Capacitive  Air            36%        ∞         17%         8

Your spell library contained the following spells:

 Spells                   Type           Power      Damage    Failure   Level
 Magic Dart               Conj           100%       1d8       0%          1
 Necrotise                Necr           100%       1d9       1%          1
 Cigotuvi's Dreadful Rot  Necr/Pois/Air  100%       N/A       1%          2
 Sublimation of Blood     Necr           43%        N/A       1%          2
 Dazzling Flash           Conj/Hex       96%        N/A       1%          3
 Vampiric Draining        Necr           43%        2d9       1%          3
 Sticky Flame             Conj/Fire      48%        2d7       1%          4
 Fireball                 Conj/Fire      24%        3d11      1%          5
 Irradiate                Conj/Tmut      24%        3d19      1%          5
 Slow                     Hex            72%        N/A       3%          1
 Summon Small Mammal      Summ           72%        N/A       3%          1
 Call Imp                 Summ           36%        N/A       4%          2
 Lesser Beckoning         Tloc           36%        N/A       4%          2
 Silence                  Hex/Air        26%        N/A       4%          5
 Call Canine Familiar     Summ           18%        N/A       9%          3
 Confusing Touch          Hex            18%        N/A       9%          3
 Gell's Gravitas          Tloc           18%        N/A       9%          3
 Portal Projectile        Hex/Tloc       36%        N/A       9%          3
 Teleport Other           Tloc           18%        N/A       9%          3
 Tukima's Dance           Hex            18%        N/A       9%          3
 Agony                    Necr           43%        N/A       11%         5
 Starburst                Conj/Fire      24%        6d8       11%         6
 Yara's Violent Unravell  Hex/Tmut       9%         3d6       21%         5
 Cause Fear               Hex            9%         N/A       28%         4
 Leda's Liquefaction      Hex/Erth       9%         N/A       28%         4
 Passage of Golubria      Tloc           18%        N/A       28%         4
 Petrify                  Tmut/Erth      18%        N/A       28%         4
 Alistair's Intoxication  Tmut/Pois      15%        N/A       47%         5
 Death Channel            Necr           21%        N/A       50%         6
 Summon Forest            Summ/Tloc      9%         N/A       63%         5
 Summon Mana Viper        Hex/Summ       18%        N/A       63%         5
 Dispersal                Tloc           9%         N/A       99%         6
 Summon Cactus Giant      Summ           9%         N/A       99%         6
 Dragon's Call            Summ           9%         N/A       100%        9


Dungeon Overview and Level Annotations

Branches:
Dungeon (15/15)            Temple (1/1) D:5            Lair (5/5) D:9
  Swamp (1/4) Lair:3        Snake (4/4) Lair:2        Slime (0/5) Lair:5
    Orc (2/2) D:12            Elf (0/3) Orc:2        Vaults (0/5) D:14
 Depths (0/4) D:15         Bailey (visited)           IceCv (visited)

Altars:
Ashenzari
Cheibriados
Dithmenos
Elyvilon
Fedhas
Gozag
Hepliaklqana
Kikubaaqudgha
Makhleb
Nemelex Xobeh
Okawaru
Qazlal
Ru
Sif Muna
Trog
Uskayaw
Vehumet
Wu Jian
Xom
Yredelemnul
Zin
The Shining One
Jiyva

Shops:
D:3 *   D:12 (   D:15 (([[   Orc:2 **?(*

Portals:
Hell: Lair:5

Annotations:
D:2 1 runed translucent door, Crazy Yiuf
D:10 1 runed translucent door, Kiciri's ghost, novice DrSh
Lair:2 3 runed translucent doors, Ajdolov's ghost, journeyman VSSh
Snake:2 5 transporters, Vashnia


Innate Abilities, Weirdness & Mutations

You have razor-sharp teeth.
Your natural rate of healing is unusually fast.
When hurt, damage is shared between your health and your magic reserves.
Your bite disrupts and absorbs the magic of your enemies.
Potions cannot restore your health.


Message History

You feel extremely sick.
The swamp dragon completely misses you. x2; The swamp dragon misses you. x2
The swamp dragon completely misses you. x2
Casting: Ozocubu's Refrigeration (dangerous; 1% risk of failure)
Confirm with . or Enter, or press ? or * to list all spells.
Electricity surges outward!
The swamp dragon is struck by an electric surge!!
You kill the swamp dragon!
Vehumet accepts your kill.
You feel your power returning.
You feel very sick.
Aiming: Paralyse
Press: ? - help, Shift-Dir - straight line, f - bog body
Aim: a bog body (chance to affect: 45%)
The bog body resists with some effort.
You feel very sick.
Unknown command.
Okay, then.
Okay, then.
Okay, then.
As you read the scroll of summoning, it crumbles to dust.
Wisps of shadow whirl around you...
You feel very sick.
The bog body points at you and mumbles some strange words.
You resist with almost no effort. The bog body attacks as you move away!
The bog body touches you!
* * * LOW HITPOINT WARNING * * *
The bog body freezes you!
* * * LOW HITPOINT WARNING * * *
You feel very sick.
A bog body comes into view.
Your goliath frog hits the bog body!!
The bog body is splashed with acid!
The acid corrodes the bog body!
The bog body gestures at you while chanting.
The bolt of cold misses you.
Your alligator bites the bog body!!
The bog body is destroyed!
Vehumet accepts your kill.
Your system rejects the healing.
You feel better.
You are engulfed in freezing vapours.
You die...

....♣♣♣~..~♣ ....~.~~~==♣
........~..♣♣♣
.§.~~≈≈≈~....♣
~.~≈≈≈≈≈≈~~.~♣
..~≈≈≈≈≈≈≈~~♣♣
..≈≈≈~~~~§≈.♣♣♣♣♣♣
..≈≈≈.<.≈≈≈~♣♣~.D♣♣
.~≈≈≈~.~≈≈≈.♣~§~@~♣
~~~≈≈≈≈≈≈≈~~♣♣F~n.♣
~.~~≈≈≈≈≈§~.♣♣~††~♣
~...~~≈~~...♣♣♣t~.♣
~§~....~..~.♣♣n[♣♣♣
~~..~♣~~~.~~♣~..♣♣♣♣♣♣♣
.♣.~~♣.~♣.............♣♣
.~♣~~...♣..............♣
#≈♣.......########.###..♣


You could see a bog body (ally target), a friendly alligator (summoned), a
friendly swamp dragon (summoned), a friendly goliath frog (summoned) and a
friendly bog body (summoned).

Vanquished Creatures
  A thorn hunter (Swamp:1)
  5 nagarajas
  Louise (D:14)
  An ironbound preserver (D:14)
  A bunyip (Swamp:1)
  The ghost of Xibe the Cleaver, a journeyman HOFi of Beogh (Orc:1)
  4 salamander tyrants
  6 hydras
  An alligator (Swamp:1)
  2 catoblepae
  An anaconda (Snake:1)
  4 centaur warriors
  3 ogre magi
  14 two-headed ogres
  3 boulder beetles
  4 death yaks (Lair:5)
  11 naga warriors
  4 tengu warriors
  An orc high priest (Orc:2)
  14 naga sharpshooters
  5 shock serpents
  2 spriggans (Swamp:1)
  A sun demon (Lair:5)
  5 salamander mystics
  4 skeletal warriors
  3 skysharks
  A sea snake (Snake:3)
  2 deep trolls (Orc:2)
  2 swamp dragons (Swamp:1)
  A goliath frog (Swamp:1)
  A glowing orange brain (D:14)
  3 naga ritualists
  A deep elf archer (Orc:1)
  3 deep elf pyromancers
  A wizard (Lair:5)
  3 orc sorcerers
  4 orc knights
  A necromancer (D:15)
  A deep elf zephyrmancer (D:15)
  A wolf spider (D:15)
  20 ugly things
  6 mana vipers
  20 salamanders
  4 cyclopes
  2 guardian serpents (Snake:3)
  2 manticores
  15 naga magi
  Joseph (D:7)
  2 orange demons (Lair:5)
  14 elephants
  A smoke demon (Lair:5)
  A gargoyle (D:12)
  26 black mambas
  12 cane toads
  5 rime drakes
  2 unseen horrors
  2 tengu conjurers (D:14)
  7 komodo dragons
  3 kobold demonologists (D:12)
  2 efreet
  Psyche (D:11)
  A freezing wraith (D:15)
  2 red devils (Lair:5)
  2 ice devils (Lair:5)
  A meliai (shapeshifter) (D:15)
  15 trolls
  2 tyrant leeches (Swamp:1)
  3 polar bears
  Prince Ribbit (D:9)
  3 hornets
  A blink frog (Lair:5)
  A dream sheep (Lair:5)
  A centaur simulacrum (D:15)
  3 slime creatures (D:15)
  2 shadows
  A hog (shapeshifter) (D:13)
  4 wyverns
  3 wraiths
  62 yaks
  6 wargs
  19 vampire mosquitoes
  4 hell hounds (Lair:5)
  35 nagas
  Duvessa (D:7)
  2 acid dragons
  17 water moccasins
  3 swamp drakes (Swamp:1)
  A sky beast (D:5)
  25 orc warriors
  An ice beast (D:5)
  A black bear (D:5)
  26 ogres
  A hornet zombie (D:15)
  3 centaurs
  3 wolves (Lair:5)
  11 kobold brigands
  2 phantoms
  9 bullfrogs
  2 cane toad simulacra (IceCv)
  2 scorpions
  13 wights
  Dowan (D:7)
  An elephant simulacrum (IceCv)
  8 howler monkeys
  7 electric eels
  3 lava snakes (Lair:2)
  2 hounds
  2 gnoll boudas (D:7)
  9 orc priests
  4 jellies
  An iguana (D:6)
  A sleepcap (D:4)
  Jessica (D:2)
  14 orc wizards
  2 wolf simulacra (IceCv)
  A boggart skeleton (D:15)
  Robin (D:2)
  16 gnolls
  8 adders
  15 white imps
  An ufetubus (D:7)
  3 dart slugs
  58 orcs
  3 ball pythons
  12 endoplasms
  4 giant cockroaches
  16 goblins
  14 hobgoblins
  39 kobolds
  3 quokkas
  2 bats
  A frilled lizard (D:1)
  4 rats
827 creatures vanquished.

Vanquished Creatures (collateral kills)
  A naga warrior (Snake:3)
  A bog body (Swamp:1)
2 creatures vanquished.

Vanquished Creatures (others)
  An ugly thing (D:15)
  An orc wizard (D:9)
2 creatures vanquished.

Grand Total: 831 creatures vanquished

Notes
Turn   | Place    | Note
-------+----------+-------------------------------------------
     0 | D:5      | GordonOverkill the Vine Stalker Delver began the quest for
                  | the Orb.
     0 | D:5      | Reached XP level 1. HP: 11/11 MP: 2/2
    13 | D:6      | Noticed an orc priest
    18 | D:6      | Noticed a hound
    29 | D:6      | Noticed a wight
    41 | D:6      | Noticed a sky beast
    41 | D:6      | Noticed a wight
    61 | D:5      | Noticed a scorpion
    75 | D:5      | Killed a scorpion
    76 | D:5      | Reached XP level 2. HP: 12/16 MP: 3/3
    76 | D:5      | Reached XP level 3. HP: 15/19 MP: 4/4
    76 | D:5      | Gained mutation: Your natural rate of healing is unusually
                  | fast. [Vine Stalker growth]
    76 | D:5      | Reached XP level 4. HP: 18/23 MP: 5/5
   107 | D:5      | Noticed an ice beast
   115 | D:5      | Killed an ice beast
   116 | D:5      | Reached XP level 5. HP: 27/27 MP: 6/6
   227 | D:5      | Noticed a black bear
   231 | D:5      | Killed a black bear
   232 | D:5      | Reached skill level 5 in Evocations
   232 | D:5      | Reached XP level 6. HP: 32/32 MP: 7/7
   240 | D:5      | Found a staircase to the Ecumenical Temple.
   247 | Temple   | Entered the Ecumenical Temple
   323 | Temple   | Became a worshipper of Vehumet
  1093 | D:3      | Found a stormy altar of Qazlal.
  1174 | D:3      | Reached * piety under Vehumet
  1174 | D:3      | Offered knowledge of Shock by Vehumet.
  1177 | D:3      | Learned a level 1 spell: Shock
  1277 | D:1      | Reached XP level 7. HP: 37/37 MP: 8/8
  1946 | D:2      | Found an iron altar of Okawaru.
  1949 | D:2      | Noticed Jessica
  1957 | D:2      | Killed Jessica
  2075 | D:2      | Reached skill level 1 in Spellcasting
  2075 | D:2      | Reached skill level 1 in Conjurations
  2075 | D:2      | Reached skill level 1 in Air Magic
  2312 | D:2      | Offered knowledge of Momentum Strike by Vehumet.
  2361 | D:2      | Reached ** piety under Vehumet
  2558 | D:2      | Noticed Robin
  2836 | D:2      | Found a faded altar of an unknown god.
  2887 | D:2      | Found a runed translucent door.
  2888 | D:2      | Noticed Crazy Yiuf
  2916 | D:2      | Learned a level 3 spell: Mephitic Cloud
  3031 | D:2      | Found an iron altar of Okawaru.
  3138 | D:2      | Killed Robin
  3267 | D:2      | Found a faded altar of an unknown god.
  3902 | D:3      | Found Niloem's Assorted Antiques.
  3925 | D:3      | Bought a sedimented ruby potion for 26 gold pieces
  3925 | D:3      | Bought a murky red potion for 26 gold pieces
  3925 | D:3      | Bought a scroll labelled TUYCSAU SAVA for 29 gold pieces
  3925 | D:3      | Bought an iron wand for 116 gold pieces
  4254 | D:4      | Reached skill level 1 in Poison Magic
  4921 | D:4      | Learned a level 1 spell: Apportation
  5498 | D:5      | Gained mutation: You have razor-sharp teeth. [Vine Stalker
                  | growth]
  5498 | D:5      | Reached XP level 8. HP: 35/42 MP: 1/12
  6227 | D:6      | Offered knowledge of Volatile Blastmotes by Vehumet.
  6457 | D:6      | Reached skill level 5 in Fighting
  6634 | D:6      | Reached *** piety under Vehumet
  6687 | D:6      | Found an iron altar of Okawaru.
  6835 | D:7      | Reached XP level 9. HP: 47/47 MP: 13/16
  6907 | D:6      | Learned a level 4 spell: Dispel Undead
  7094 | D:7      | Reached skill level 1 in Necromancy
  7152 | D:7      | Noticed a troll
  7171 | D:7      | Killed a troll
  7222 | D:7      | Noticed Duvessa
  7222 | D:7      | Noticed Joseph
  7223 | D:7      | Noticed Dowan
  7228 | D:7      | Reached skill level 5 in Spellcasting
  7228 | D:7      | Reached skill level 5 in Air Magic
  7431 | D:7      | Killed Duvessa
  7432 | D:7      | Reached skill level 5 in Conjurations
  7448 | D:7      | Killed Joseph
  7448 | D:7      | Offered knowledge of Flame Wave by Vehumet.
  7450 | D:7      | Killed Dowan
  8189 | D:8      | Found a flagged portal.
  8222 | Bailey   | Entered a bailey
  8331 | Bailey   | Reached XP level 10. HP: 51/51 MP: 8/20
  8560 | Bailey   | Noticed an orc knight
  8596 | Bailey   | Killed an orc knight
  8690 | Bailey   | Found an iron altar of Okawaru.
  8804 | D:8      | Reached **** piety under Vehumet
  8831 | D:8      | Offered knowledge of Stone Arrow by Vehumet.
  8896 | D:8      | Got the Writings on Embers and the Commander
  9173 | D:9      | Found a staircase to the Lair.
  9236 | D:9      | Noticed Prince Ribbit
  9244 | D:9      | Killed Prince Ribbit
  9259 | D:9      | Noticed a two-headed ogre
  9390 | D:9      | Found a shimmering altar of Xom.
  9487 | D:9      | Found a blossoming altar of Fedhas.
  9487 | D:9      | Found a hide-covered altar of Uskayaw.
  9757 | D:9      | Killed a two-headed ogre
  9758 | D:9      | Reached XP level 11. HP: 40/56 MP: 24/24
  9849 | D:10     | Entered Level 10 of the Dungeon
 10023 | D:10     | Found a runed translucent door.
 10023 | D:10     | Noticed Kiciri's ghost (novice DrSh)
 10926 | D:10     | Upgraded the game from 0.31-a0-569-g7ea453304b to
                  | 0.31-a0-588-g14bffd4ff3
 10952 | D:11     | Noticed a boulder beetle
 10952 | D:11     | Noticed a centaur warrior
 10952 | D:11     | Noticed a rakshasa
 10952 | D:11     | Noticed a deep elf pyromancer
 10952 | D:11     | Noticed a centaur warrior
 10961 | D:11     | Noticed a centaur warrior
 10961 | D:11     | Noticed a red ugly thing
 10961 | D:11     | Noticed a cyclops
 10962 | D:11     | Noticed a cyclops
 10962 | D:11     | Noticed an eight-headed hydra
 10967 | D:11     | Noticed Psyche
 10969 | D:11     | Noticed a skeletal warrior
 10978 | D:11     | Noticed a boulder beetle
 10978 | D:11     | Noticed a skeletal warrior
 10983 | D:11     | Noticed a fire dragon
 11009 | D:11     | Noticed a skeletal warrior
 11010 | D:11     | Noticed a skeletal warrior
 11021 | D:10     | Killed a skeletal warrior
 11022 | D:10     | Reached skill level 10 in Spellcasting
 11022 | D:10     | Reached skill level 10 in Air Magic
 11145 | D:11     | Killed Psyche
 11263 | D:11     | Killed a skeletal warrior
 11337 | D:11     | Killed a skeletal warrior
 11384 | D:11     | Killed a skeletal warrior
 11384 | D:11     | Reached ***** piety under Vehumet
 11384 | D:11     | Offered knowledge of Arcjolt by Vehumet.
 11512 | D:11     | Learned a level 5 spell: Arcjolt
 11851 | D:11     | Identified the +9 trident "Lifebane" {heavy, Str+2 SInv}
 11884 | D:11     | Killed a boulder beetle
 12474 | D:12     | Noticed a deep elf pyromancer
 12626 | D:12     | Noticed a two-headed ogre
 12629 | D:12     | Killed a deep elf pyromancer
 12644 | D:11     | Killed a two-headed ogre
 12645 | D:11     | Reached skill level 5 in Necromancy
 12645 | D:11     | Reached XP level 12. HP: 42/63 MP: 18/28
 13364 | D:12     | Found a staircase to the Orcish Mines.
 13564 | D:12     | Found Gidaxeib's Antique Weapon Shoppe.
 14382 | D:13     | Noticed a boulder beetle
 14411 | D:13     | Killed a boulder beetle
 14604 | D:13     | Found a frozen archway.
 14650 | IceCv    | Entered an ice cave
 14731 | IceCv    | Found a transporter.
 14745 | IceCv    | Found a transporter.
 14982 | IceCv    | Identified a scroll of acquirement
 14982 | IceCv    | Acquired 534 gold pieces
 15296 | D:13     | Noticed a centaur warrior
 15299 | D:13     | Noticed a tengu warrior
 15303 | D:13     | Killed a centaur warrior
 15303 | D:13     | Offered knowledge of Orb of Destruction by Vehumet.
 15304 | D:13     | Killed a tengu warrior
 15316 | D:13     | Learned a level 7 spell: Orb of Destruction
 16188 | D:14     | Noticed Louise
 16198 | D:14     | Killed Louise
 16199 | D:14     | Reached XP level 13. HP: 68/68 MP: 31/31
 16652 | D:14     | Found a gate to the Vaults.
 16653 | D:14     | Noticed an ironbound preserver
 16681 | D:14     | Killed an ironbound preserver
 17112 | D:15     | Entered Level 15 of the Dungeon
 17133 | D:15     | Found Digh's Armour Shoppe.
 17266 | D:15     | Reached skill level 10 in Conjurations
 17764 | D:15     | Found Ubeterue's Antique Armour Shoppe.
 17937 | D:15     | Found Iskiasua's Antique Weapon Shoppe.
 17976 | D:15     | Found Lotooxas's Weapon Shop.
 18075 | D:15     | Reached XP level 14. HP: 73/73 MP: 8/32
 19531 | D:15     | Found a staircase to the Depths.
 19735 | Lair:1   | Entered Level 1 of the Lair of Beasts
 19973 | Lair:1   | You fall into a shaft and drop 1 floor!
 20028 | Lair:2   | Found a staircase to the Snake Pit.
 20540 | Lair:2   | Reached skill level 5 in Dodging
 20563 | Lair:2   | Offered knowledge of Ozocubu's Refrigeration by Vehumet.
 20591 | Lair:2   | Learned a level 7 spell: Ozocubu's Refrigeration
 20607 | Lair:2   | Noticed Ajdolov's ghost (journeyman VSSh)
 20614 | Lair:2   | Reached skill level 10 in Fighting
 20614 | Lair:2   | Reached skill level 1 in Ice Magic
 20794 | Lair:2   | Found a runed translucent gate.
 20794 | Lair:2   | Found a runed translucent gate.
 20795 | Lair:2   | Found a runed translucent gate.
 21542 | Lair:3   | Reached skill level 5 in Ice Magic
 21698 | Lair:3   | Found a staircase to the Swamp.
 23264 | Lair:4   | Reached XP level 15. HP: 80/80 MP: 23/33
 24660 | Lair:5   | Entered Level 5 of the Lair of Beasts
 24842 | Lair:5   | Offered knowledge of Spellforged Servitor by Vehumet.
 25117 | Lair:5   | Found a runed translucent door.
 25139 | Lair:5   | Reached skill level 10 in Ice Magic
 25535 | Lair:5   | Found an ancient bone altar of Kikubaaqudgha.
 25679 | Lair:5   | Found a viscous altar of Jiyva.
 25681 | Lair:5   | Found a staircase to the Slime Pits.
 26429 | Lair:5   | Found a burning altar of Makhleb.
 27037 | Lair:5   | Found a gateway to Hell.
 27563 | Orc:1    | Entered Level 1 of the Orcish Mines
 27582 | Orc:1    | Offered knowledge of Freezing Cloud by Vehumet.
 27984 | Orc:1    | Found a runed translucent gate.
 27985 | Orc:1    | Found a runed translucent gate.
 27986 | Orc:1    | Found a runed translucent gate.
 27989 | Orc:1    | Noticed Xibe's ghost (journeyman HOFi)
 27990 | Orc:1    | Found an iron altar of Okawaru.
 28005 | Orc:1    | Killed Xibe's ghost
 28022 | Orc:1    | Identified the +9 rapier of Perphe {vamp, Int+3 Stlth+}
 28024 | Orc:1    | Identified the +0 robe of Hangman {Dex+3}
 28398 | Orc:2    | Entered Level 2 of the Orcish Mines
 29489 | Orc:2    | Reached XP level 16. HP: 80/86 MP: 12/34
 29950 | Orc:2    | Found Ziuludgho's Assorted Antiques.
 29960 | Orc:2    | Bought a scroll labelled UCZA YHYLUEMOMO for 28 gold pieces
 30016 | Orc:2    | Found a staircase to the Elven Halls.
 30646 | Orc:2    | Offered knowledge of Iskenderun's Battlesphere by Vehumet.
 30705 | Orc:2    | Found Uwyseuwn's Weapon Shop.
 30711 | Orc:2    | Found Lototaup's General Store.
 30715 | Orc:2    | Found Coinu's Magic Scroll Shoppe.
 30970 | Orc:2    | Found a bloodstained altar of Trog.
 30972 | Orc:2    | Bought a +2 pair of boots of stealth for 322 gold pieces
 30972 | Orc:2    | Bought a scroll of revelation for 112 gold pieces
 30983 | Orc:2    | Found Mirch's Assorted Antiques.
 30986 | Orc:2    | Bought a scroll of acquirement for 884 gold pieces
 30986 | Orc:2    | Bought a scroll of enchant armour for 127 gold pieces
 30986 | Orc:2    | Bought a scroll of fear for 68 gold pieces
 30986 | Orc:2    | Bought a scroll of vulnerability for 68 gold pieces
 30986 | Orc:2    | Acquired 825 gold pieces
 30993 | Orc:2    | Bought a scroll of teleportation for 96 gold pieces
 31278 | Snake:1  | Entered Level 1 of the Snake Pit
 34167 | Snake:2  | Reached skill level 15 in Ice Magic
 34618 | Snake:2  | Found a transporter.
 34618 | Snake:2  | Found a transporter.
 34650 | Snake:2  | Noticed a nagaraja
 34654 | Snake:2  | Killed a nagaraja
 34849 | Snake:2  | Noticed Vashnia
 35044 | Snake:2  | Found a transporter.
 35047 | Snake:2  | Found a transporter.
 36267 | Snake:2  | Found a transporter.
 36951 | Snake:3  | Noticed a nagaraja
 36965 | Snake:3  | Killed a nagaraja
 37370 | Snake:3  | Found a radiant altar of Vehumet.
 37929 | Snake:3  | Reached XP level 17. HP: 93/93 MP: 35/35
 38131 | Snake:4  | Entered Level 4 of the Snake Pit
 38234 | Snake:4  | Offered knowledge of Maxwell's Capacitive Coupling by
                  | Vehumet.
 38244 | Snake:4  | Learned a level 8 spell: Maxwell's Capacitive Coupling
 40276 | Snake:4  | Reached skill level 15 in Spellcasting
 41446 | Snake:4  | Got a serpentine rune of Zot
 41691 | Swamp:1  | Entered Level 1 of the Swamp
 42232 | Swamp:1  | Engulfed by a cloud of freezing vapour

Illustrated notes

Levels and vault maps discovered:
D:1:      saegor_arrival_simple_a, layout_basic
D:2:      layout_loops_ring, basic_altar, basic_ecumenical_altar,
          chequers_serial_rivers_large_b, uniq_robin, uniq_jessica,
          uniq_crazy_yiuf_cottage
D:3:      layout_basic, lemuel_crystal_altar, serial_shops, nicolae_shop_stone
D:4:      layout_basic
D:5:      layout_basic, minmay_temple_entry_waves
D:6:      layout_rooms, okawaru_altar_gauntlet_db
D:7:      layout_basic, serial_rivers, chequers_serial_rivers_micro_a,
          chequers_serial_rivers_marsh, chequers_serial_rivers_small_b,
          chequers_serial_rivers_large_a, uniq_duvessa, uniq_joseph
D:8:      layout_basic, enter_bailey_5
D:9:      layout_irregular_city, nicolae_overflow_two_pavilions,
          marbit_many_paths, dpeg_oklobed_lair, uniq_prince_ribbit1
D:10:     layout_roguey, ebering_ghost_inner_flame, serial_bayou_lagoon_b
D:11:     layout_cave_pools, minivault_12, uniq_psyche
D:12:     layout_basic, erik_orc_3, serial_shops, nicolae_shop_window_shopping,
          nicolae_two_hexagons
D:13:     layout_layer_cave, portal_ice_cave_entry_imps
D:14:     layout_roguey, hellmonk_vaults_order_and_chaos, uniq_louise
D:15:     grunt_enter_depths_magical_seal, layout_loops_ring, serial_shops,
          shop, nicolae_shop_overgrown_old_shop, shop, shop
Temple:   minmay_crystal_spiral_temple
Lair:1:   layout_concentric_octagons, uniq_grum, uniq_fannar
Lair:2:   layout_regular_city, nicolae_snake_entry_warm_welcome,
          maelrawn_ghost_gauntlet_escape
Lair:3:   layout_long_grid, minmay_swamp_entry_swarm,
          nicolae_quartered_pool_impasse
Lair:4:   layout_cave_pods, minivault_19, grunt_megastairs_3
Lair:5:   evil_forest, layout_big_grid, slime_entry_2, basic_altar
Swamp:1:  layout_basic_swamp, evilmike_swamp_ruin_house_5, st_swamp_ruins_4,
          infiniplex_staircase_pool_2
Snake:1:  layout_layer_cave, nicolae_snake_squiggles
Snake:2:  gammafunk_the_bubble [the_bubble_gammafunk_roulette],
          layout_cave_town, serial_bayou_shore_b, serial_bayou_shore_b,
          uniq_vashnia
Snake:3:  layout_onion_interference, basic_altar,
          nicolae_snake_serpentine_hallways, serial_bayou_shore_a
Snake:4:  snake_pit, layout_cave_town
Orc:1:    layout_caves, basic_altar, gammafunk_ghost_fury_of_okawaru
Orc:2:    st_orc_open, layout_diamond_mine, serial_shops, nicolae_diamond_shop,
          basic_altar

Skill      XL: |  1  2  3  4  5  6  7  8  9 10 11 12 13 14 15 16 17 |
---------------+----------------------------------------------------+-----
Evocations     | 3 4 5 |  5.2
Fighting       | 4 5 6 7 8 10 11 12 | 12.0
Spellcasting   | 2 4 6 8 11 13 15 | 15.0
Conjurations   | 2 4 5 6 12 | 12.0
Air Magic      | 2 4 6 8 10 11 13 | 13.8
Poison Magic   | 1 2 |  2.0
Short Blades   | 2 |  2.0
Necromancy     | 3 5 |  5.0
Dodging        | 2 5 |  5.0
Ice Magic      | 7 12 15 | 15.0
Stealth        | |  6.0

Action                     |  1- 3 |  4- 6 |  7- 9 | 10-12 | 13-15 | 16-18 || total
---------------------------+-------+-------+-------+-------+-------+-------++-------
  Melee: Dagger            |       |   107 |   141 |   296 |   249 |    28 ||   821
         Bite              |       |    37 |    98 |   106 |   131 |    10 ||   382
         Short sword       |       |    18 |   181 |       |       |       ||   199
         Punch             |       |     2 |     5 |     5 |     6 |     1 ||    19
   Cast: Shock             |       |       |   252 |   169 |   162 |       ||   583
         Mephitic Cloud    |       |       |    14 |    33 |    65 |       ||   112
         Dispel Undead     |       |       |       |    18 |     2 |       ||    20
         Arcjolt           |       |       |       |    57 |   213 |    10 ||   280
         Orb of Destructio |       |       |       |       |    40 |     9 ||    49
         Ozocubu's Refrige |       |       |       |       |    61 |   313 ||   374
  Evoke: Wand              |     5 |    19 |     2 |    26 |     6 |    10 ||    68
         Phantom mirror    |       |       |       |       |       |     1 ||     1
    Use: Scroll            |     1 |     1 |    13 |    13 |     6 |     5 ||    39
         Potion            |     1 |       |       |     2 |     3 |     2 ||     8
   Stab: Sleeping          |       |     5 |     8 |     1 |     3 |     1 ||    18
         Paralysed         |       |       |     2 |    14 |     4 |       ||    20
         Confused          |       |       |     2 |    11 |    30 |       ||    43
         Distracted        |       |       |       |       |       |     1 ||     1
 Armour: Leather armour    |       |    19 |     4 |       |       |       ||    23
         Robe              |       |       |    85 |   135 |   101 |    15 ||   336
  Dodge: Dodged            |       |    58 |   152 |   261 |   251 |    75 ||   797

Table legend: (Time is in decaauts)
 A = Elapsed time spent in this place.
 B = Non-inter-level travel time spent in this place.
 C = Inter-level travel time spent in this place.
 D = Time resting spent in this place.
 E = Time spent auto-exploring this place.
 F = Levels seen in this place.
 G = Mean time per level.
                   A        B        C        D        E       F      G
               +--------+--------+--------+--------+--------+-----+--------+
         Total |  42321 |  40112 |   2209 |  17738 |  15399 |  30 | 1410.7 |
       Dungeon |  18889 |  17538 |   1351 |   5320 |   7957 |  15 | 1259.3 |
        Temple |    152 |      2 |    150 |      0 |      0 |   1 |  152.0 |
          Lair |   7848 |   7430 |    418 |   3046 |   3244 |   5 | 1569.6 |
         Swamp |    562 |    562 |      0 |    342 |    101 |   1 |  562.0 |
     Snake Pit |  10385 |  10154 |    231 |   6145 |   3145 |   4 | 2596.2 |
  Orcish Mines |   3589 |   3532 |     57 |   2348 |    881 |   2 | 1794.5 |
        Bailey |    538 |    538 |      0 |    241 |     70 |   1 |  538.0 |
      Ice Cave |    355 |    355 |      0 |    296 |      0 |   1 |  355.0 |
               +--------+--------+--------+--------+--------+-----+--------+

Top non-repeatable levels by time:
 Snake:4: 3422 daAuts
 Snake:1: 2986 daAuts
  Lair:5: 2720 daAuts
 Snake:2: 2458 daAuts
   Orc:2: 2226 daAuts
    D:15: 1979 daAuts
     D:2: 1875 daAuts
  Lair:4: 1769 daAuts
    D:13: 1604 daAuts
  Lair:3: 1587 daAuts
    D:12: 1587 daAuts
  Lair:2: 1523 daAuts
 Snake:3: 1518 daAuts
    D:11: 1469 daAuts
    D:14: 1467 daAuts
